 Dungeon Crawl Stone Soup version 0.29.0-5-ge4962eb29e (webtiles) character file.

Game seed: 9122884964094131658

84 Arcadio the Stinger (level 4, -1/30 HPs)
             Began as a Merfolk Venom Mage on Aug 29, 2022.
             Slain by an orc
             ... wielding a +0 hand axe
              (5 damage)
             ... on level 5 of the Dungeon.
             The game lasted 00:09:50 (3169 turns).

Arcadio the Stinger (Merfolk Venom Mage)            Turns: 3169, Time: 00:09:51

Health: -1/30      AC:  4    Str:  8    XL:     4   Next: 45%
Magic:  8/8        EV: 13    Int: 16    God:
Gold:   146        SH:  0    Dex: 14    Spells: 5/8 levels left

rFire   . . .      SeeInvis .   c - +0 dagger
rCold   + . .      Faith    .   (no shield)
rNeg    . . .      Spirit   .   a - +0 robe
rPois   .          Reflect  .   (no helmet)
rElec   .          Harm     .   (no cloak)
rCorr   .          Rampage  .   k - +1 pair of gloves of Dishonesty {rC+ Regen+}
Will    .....                   (no boots)
Stlth   ++........              (no amulet)
HPRegen 0.90/turn               (no ring)
MPRegen 0.11/turn               (no ring)

@: mighty, attractive
A: (nimble swimmer 2), mertail
a: no special abilities


You were on level 5 of the Dungeon.
You visited 1 branch of the dungeon, and saw 5 of its levels.

You collected 146 gold pieces.

Inventory:

Hand Weapons
 c - a +0 dagger (weapon)
Armour
 a - a +0 robe (worn)
 k - the +1 pair of gloves of Dishonesty (worn) {rC+ Regen+}
   (You found it on level 2 of the Dungeon)

   rC:        It protects you from cold.
   Regen:     It increases your rate of health regeneration.
Potions
 b - a potion of magic
 l - a potion of cancellation {unknown}


   Skills:
 + Level 4.0 Dodging
 - Level 2.1 Stealth
 + Level 2.9 Spellcasting
 - Level 1.3 Transmutations
 + Level 4.2 Poison Magic


You had 5 spell levels left.
You knew the following spells:

 Your Spells              Type           Power      Damage    Failure   Level
a - Sting                 Tmut/Pois      44%        1d5       6%          1
b - Poisonous Vapours     Pois/Air       18%        N/A       12%         2

Your spell library contained the following spells:

 Spells                   Type           Power      Damage    Failure   Level
 Mephitic Cloud           Conj/Pois/Air  6%         N/A       32%         3
 Olgreb's Toxic Radiance  Pois           15%        N/A       32%         4


Dungeon Overview and Level Annotations

Branches:
Dungeon (6/15) Zot: 26832
 Temple: D:4-7

Altars:

Shops:
D:1 **

Annotations:
D:2 1 runed translucent door, Crazy Yiuf
D:5 Menkaure


Innate Abilities, Weirdness & Mutations

((You are very nimble when in or above water. (Stealth+, EV+, Speed+++)))
Your lower body shifts to a powerful aquatic tail in water.


Message History

The orc hits you but does no damage. The orc hits you with a +0 hand axe.
It was a potion of attraction.
You feel attractive to monsters. The orc hits you with a +0 club.
The orc hits you but does no damage.
It was a potion of heal wounds.
You feel much better. The orc barely misses you.
It was a potion of might.
You feel very mighty all of a sudden. The orc hits you with a +0 hand axe!
You hit the orc warrior but do no damage.
The orc warrior is heavily wounded.
The orc hits you but does no damage. The orc warrior barely misses you.
You barely miss the orc warrior.
The orc warrior is heavily wounded.
The orc barely misses you. The orc warrior barely misses you.
You closely miss the orc warrior.
The orc warrior is heavily wounded.
The orc hits you with a +0 hand axe.
The orc warrior hits you with a +0 war axe.
You aren't carrying any scrolls.
Unknown command.
You barely miss the orc warrior.
The orc warrior is heavily wounded.
The orc closely misses you. The orc warrior barely misses you.
You barely miss the orc warrior.
The orc warrior is heavily wounded.
The orc misses you.
The orc warrior hits you with a +0 war axe!
You puncture the orc warrior!
The orc warrior is severely wounded.
The orc hits you with a +0 hand axe. The orc warrior barely misses you.
The orc warrior attacks as you move away!
The orc warrior closely misses you. The orc hits you with a +0 hand axe.
* * * LOW HITPOINT WARNING * * *
The orc is attracted toward you.
The orc warrior attacks as you move away!
The orc warrior hits you with a +0 war axe.
* * * LOW HITPOINT WARNING * * *
The orc attacks as you move away! The orc hits you with a +0 hand axe.
You die...

#..............#
#..............#
#..............#
#.....#+########
#.....#☼..#
#....o#§☼○#
#.?.o.#°○.#
##....§#o☼.+
...○.☼§○oo@☼#
...○☼○.☼#####
)..###### ... ..


You could see an orc warrior and 2 orcs.

Vanquished Creatures
  Terence (D:2)
  An adder (D:2)
  2 worms (D:2)
  6 endoplasms
  4 giant cockroaches (D:1)
  4 hobgoblins
  2 jackals (D:1)
  6 kobolds
  A quokka (D:2)
  7 ball pythons
  A bat (D:1)
  A frilled lizard (D:1)
  6 goblins
  A rat (D:1)
43 creatures vanquished.

Notes
Turn   | Place    | Note
-------+----------+-------------------------------------------
     0 | D:1      | Arcadio the Merfolk Venom Mage began the quest for the Orb.
     0 | D:1      | Reached XP level 1. HP: 13/13 MP: 3/3
   149 | D:1      | Found Jidghaj's Assorted Antiques.
   184 | D:1      | Reached XP level 2. HP: 1/19 MP: 0/5
   472 | D:1      | Learned a level 2 spell: Poisonous Vapours
   760 | D:1      | Found Idew's Assorted Antiques.
  1259 | D:1      | Reached XP level 3. HP: 24/24 MP: 0/6
  2175 | D:2      | Found a runed translucent door.
  2176 | D:2      | Noticed Crazy Yiuf
  2272 | D:2      | Identified the +1 pair of gloves of Dishonesty {rC+ Regen+}
  2285 | D:2      | Found a faded altar of an unknown god.
  2601 | D:2      | Noticed Terence
  2629 | D:2      | Killed Terence
  2630 | D:2      | Reached XP level 4. HP: 26/30 MP: 1/8
  3016 | D:3      | You fall into a shaft and drop 3 floors!
  3033 | D:6      | Noticed a kobold brigand
  3052 | D:6      | Noticed an ogre
  3065 | D:6      | Noticed a black bear
  3109 | D:5      | Entered Level 5 of the Dungeon
  3109 | D:5      | Noticed Menkaure
  3119 | D:5      | Noticed an ice beast
  3119 | D:5      | Noticed an orc warrior
  3169 | D:5      | Slain by an orc

Illustrated notes

Levels and vault maps discovered:
D:1:      heliophobic_arrival_ceremonial_halls, layout_basic, serial_shops,
          nicolae_shop_stone, nicolae_shop_temple_entry_statues_fountains,
          hex_tiny
D:2:      layout_loops_cross, shapermc_ecumenical_altar_pompeii,
          uniq_crazy_yiuf_cottage, uniq_terence
D:3:      layout_loops_ring
D:5:      layout_gridville, mainiacjoe_overflow_boulevard,
          nicolae_ashenzari_skybound, minmay_temple_entry_butterflies,
          serial_shops, shop, serial_bayou, serial_bayou_lake_a,
          serial_bayou_shore_b, serial_bayou_crossing, serial_bayou_shore_b,
          uniq_menkaure
D:6:      layout_loops_corners, lightli_sewer_entry_pipes, uniq_duvessa,
          uniq_grinder

Skill      XL: |  1  2  3 |
---------------+----------+-----
Dodging        | 3 4 |  4.0
Poison Magic   | 4 |  4.2
Stealth        | |  2.1
Spellcasting   | |  2.9
Transmutations | |  1.3

Action                   |  1- 3 |  4- 6 || total
-------------------------+-------+-------++-------
Melee: Dagger            |    80 |     9 ||    89
 Cast: Sting             |    43 |     7 ||    50
       Poisonous Vapours |    17 |     3 ||    20
  Use: Scroll            |       |     4 ||     4
       Potion            |       |     3 ||     3
 Stab: Sleeping          |     3 |       ||     3
Armor: Robe              |     9 |     4 ||    13
Dodge: Dodged            |    64 |    23 ||    87
